 Dungeon Crawl Stone Soup version 0.23.1 (webtiles) character file.

Game seed: 2833255429581476709

88 Descartes the Changer (level 4, 0/22 HPs)
             Began as a Vine Stalker Wanderer on Mar 13, 2019.
             Slain by a quokka (2 damage)
             ... on level 3 of the Dungeon.
             The game lasted 00:08:43 (2963 turns).

Descartes the Changer (Vine Stalker Wanderer)       Turns: 2963, Time: 00:08:43

Health: 0/22       AC:  2    Str: 14    XL:     4   Next: 54%
Magic:  0/8        EV: 12    Int: 16    God:
Gold:   56         SH:  0    Dex: 11    Spells: 2/7 levels left

rFire    . . .     SeeInvis .   b - +0 spear
rCold    . . .     Gourm    .   (no shield)
rNeg     . . .     Faith    .   d - +0 robe
rPois    .         Spirit   +   (no helmet)
rElec    .         Reflect  .   o - scarf {cloud immunity}
rCorr    .         Harm     .   (no gloves)
MR       .....                  (no boots)
Stlth    ++........             (no amulet)
HPRegen  0.47/turn              (no ring)
MPRegen  0.11/turn              (no ring)

@: no status effects
A: fangs 2, regeneration 1, magic shield, antimagic bite, no potion heal 3, rot
immunity
a: no special abilities


You were on level 3 of the Dungeon.
You were not hungry.

You visited 1 branch of the dungeon, and saw 4 of its levels.

You collected 56 gold pieces.

Inventory:

Hand Weapons
 a - a +0 hunting sling
 b - a +0 spear (weapon)
 n - a +0 dagger of venom
Missiles
 e - 57 stones
 h - 58 sling bullets (quivered)
 l - 36 bolts
 t - 20 poisoned needles
 u - 31 arrows
Armour
 d - a +0 robe (worn)
 i - a +0 ring mail
 o - a scarf of cloud immunity (worn)
Scrolls
 g - a scroll of blinking {unknown}
 j - a scroll of remove curse {unknown}
 m - 2 scrolls of identify {unknown}
 q - 2 scrolls of teleportation {unknown}
 w - a scroll of fear {unknown}
 x - a scroll of enchant armour {unknown}
Potions
 c - a potion of flight {unknown}
 k - 2 potions of heal wounds {unknown}
 r - a potion of curing {unknown}
 s - a potion of might {unknown}
 v - 2 potions of lignification {unknown}
Comestibles
 f - 3 rations
 p - 4 chunks of flesh


   Skills:
 + Level 1.2 Fighting
 - Level 1.0 Throwing
 + Level 1.3 Dodging
 + Level 2.0 Stealth
   Level 1.0 Shields
 * Level 1.3 Unarmed Combat
 * Level 2.1 Spellcasting
 * Level 1.3 Charms
   Level 4.0 Transmutations
 * Level 1.5 Earth Magic


You had 2 spell levels left.
You knew the following spells:

 Your Spells              Type           Power        Failure   Level  Hunger
a - Infusion              Chrm           #...         12%         1    #......
b - Sandblast             Erth           #.....       11%         1    #......
c - Stone Arrow           Conj/Erth      #.....       41%         3    ###....

Your spell library contained the following spells:

 Spells                   Type           Power        Failure   Level  Hunger
 Passwall                 Tmut/Erth      ##......     10%         2    ###....
 Ozocubu's Armour         Chrm/Ice       #.......     43%         3    ###....
 Petrify                  Tmut/Erth      ##......     54%         4    #####..
 Lee's Rapid Deconstruct  Erth           #.........   97%         5    ######.


Dungeon Overview and Level Annotations

Branches:
Dungeon (4/15)
 Temple: D:4-7

Altars:
Hepliaklqana
Sif Muna


Innate Abilities, Weirdness & Mutations

You have extremely sharp teeth.
Your natural rate of healing is unusually fast.
When hurt, damage is shared between your health and your magic reserves.
Your bite disrupts and absorbs the magic of your enemies.
Potions cannot restore your health.
You are immune to rotting.


Message History

You are too injured to fight recklessly!
You are too injured to fight recklessly!
The quokka bites you.
* * * LOW HITPOINT WARNING * * *
You hit the worm.
The worm is almost dead.
The worm bites you!
* * * LOW HITPOINT WARNING * * *
You barely miss the worm. You bite the worm, but do no damage.
The worm is severely wounded.
The orc shouts!
The orc hits you with a +0 club.
* * * LOW HITPOINT WARNING * * *
The quokka bites you.
* * * LOW HITPOINT WARNING * * *
The quokka misses you. The orc hits you with a +0 club.
* * * LOW HITPOINT WARNING * * *
The quokka bites you.
You die...

#.#)# #.#.#
#######.#.##
...........#
######.#..#
#.#..#
#.#..####
#.#.....#
#@#.###.#
####r#.....#
#...o####..#
##.##...##..#
#.......##รทรท#
##.#.#.#.###.#
#....)...# #.#
######..#.#w#.#
#.#
..............#
#.#


You could see a worm, an orc and a quokka.

Vanquished Creatures
  2 adders
  An ooze (D:3)
  A worm (D:2)
  A dart slug (D:1)
  A leopard gecko (D:2)
  An orc (D:3)
  2 giant cockroaches (D:2)
  7 hobgoblins
  5 jackals
  2 quokkas (D:3)
  2 ball pythons
  10 bats
  4 frilled lizards
  8 goblins
  7 kobolds
  6 rats
60 creatures vanquished.

Notes
Turn   | Place    | Note
-------+----------+-------------------------------------------
     0 | D:1      | Descartes the Vine Stalker Wanderer began the quest for the
                  | Orb.
     0 | D:1      | Descartes set off with the following items: a +0 spear, a
                  | +0 robe, a ration; and the following spells available to
                  | memorise: Passwall, Infusion, Sandblast, Ozocubu's Armour,
                  | Stone Arrow, Petrify, Lee's Rapid Deconstruction
     0 | D:1      | Reached XP level 1. HP: 10/10 MP: 3/3
     2 | D:1      | Learned a level 1 spell: Infusion
     4 | D:1      | Learned a level 1 spell: Sandblast
   435 | D:1      | Reached XP level 2. HP: 14/14 MP: 5/5
   713 | D:1      | Reached skill level 1 in Earth Magic
  1551 | D:1      | Reached XP level 3. HP: 18/18 MP: 6/6
  1653 | D:1      | Learned a level 3 spell: Stone Arrow
  1688 | D:2      | You fall through a shaft for 2 floors!
  1689 | D:4      | Noticed a scorpion
  1705 | D:3      | Found a hazy altar of Hepliaklqana.
  1705 | D:3      | Found a deep blue altar of Sif Muna.
  1742 | D:3      | Reached skill level 1 in Charms
  1952 | D:2      | Reached skill level 1 in Unarmed Combat
  2223 | D:2      | Gained mutation: Your natural rate of healing is unusually
                  | fast. [Vine Stalker growth]
  2223 | D:2      | Reached XP level 4. HP: 18/22 MP: 5/7
  2961 | D:3      | HP: 1/22 [orc/+0 club (6)]
  2963 | D:3      | Slain by a quokka

Skill      XL: |  1  2  3  4 |
---------------+-------------+-----
Earth Magic    | 1 |  1.5
Charms         | 1 |  1.3
Unarmed Combat | 1 |  1.3
Stealth        | 2 |  2.0
Spellcasting   | 2 |  2.1
Fighting       | |  1.2
Throwing       | |  1.0
Dodging        | |  1.3
Shields        | |  1.0
Transmutations | |  4.0

Action                   |  1- 3 |  4- 6 || total
-------------------------+-------+-------++-------
Melee: Spear             |   145 |    75 ||   220
       Bite              |    19 |    23 ||    42
 Cast: Infusion          |     1 |     3 ||     4
 Stab: Sleeping          |     6 |     3 ||     9
  Eat: Chunk             |     4 |     3 ||     7
Armor: Robe              |    24 |    17 ||    41
Dodge: Dodged            |    93 |    53 ||   146
